 Dungeon Crawl Stone Soup version 0.19-a0-1007-g133f65f (webtiles) character file.

249 Implojin the Ruffian (level 5, -4/45 HPs)
             Began as a Minotaur Fighter on July 20, 2016.
             Was an Initiate of Okawaru.
             Slain by a sky beast (6 damage)
             ... on level 6 of the Dungeon.
             The game lasted 00:04:37 (735 turns).

Implojin the Ruffian (Minotaur Fighter)              Turns: 735, Time: 00:04:38

Health: -4/45      AC:  6    Str: 21    XL:     5   Next: 87%
Magic:  13/13      EV: 12    Int:  5    God:    Okawaru [......]
Gold:   0          SH: 10    Dex: 15    Spells: 0 memorised, 4 levels left

rFire  . . .     SeeInvis .       - Unarmed
rCold  . . .     Gourm    .     a - +0 scale mail
rNeg   . . .     Faith    .     b - +0 shield
rPois  .         Spirit   .     (helmet restricted)
rElec  .         Dismiss  .     (no cloak)
rCorr  .         Reflect  .     (no gloves)
SustAt .         Harm     .     (no boots)
MR     .....                    (no amulet)
Stlth  +.........               (no ring)
                                o - ring of magical power

@: agile, not resistant to hostile enchantments, very unstealthy
A: retaliatory headbutt, horns 2
a: Renounce Religion


You were on level 6 of the Dungeon.
You worshipped Okawaru.
Okawaru was noncommittal.
You were not hungry.

You visited 2 branches of the dungeon, and saw 8 of its levels.

Inventory:

Hand Weapons
 j - a +1 hunting sling of velocity
Missiles
 k - 37 stones (quivered)
 n - 8 javelins
 p - 3 needles of confusion
Armour
 a - a +0 scale mail (worn)
 b - a +0 shield (worn)
 h - a +0 ring mail
Jewellery
 o - a ring of magical power (left hand)
Scrolls
 e - a scroll of identify {unknown}
 f - a scroll of remove curse
 g - a scroll of amnesia
Potions
 l - a potion of berserk rage {unknown}
Comestibles
 d - a bread ration
 m - a chunk of flesh


   Skills:
 - Level 3.6 Fighting
 - Level 3.6 Armour
 - Level 3.6 Shields
 * Level 6.8 Unarmed Combat


You had 4 spell levels left.
You didn't know any spells.

Dungeon Overview and Level Annotations

Branches:
Dungeon (7/15)             Temple (1/1) D:4

Altars:
Ashenzari
Cheibriados
Dithmenos
Fedhas
Gozag
Hepliaklqana
Kikubaaqudgha
Makhleb
Nemelex Xobeh
Okawaru
Qazlal
Ru
Sif Muna
Trog
Vehumet
The Shining One

Annotations:
D:7 Dowan, Duvessa


Innate Abilities, Weirdness & Mutations

You reflexively headbutt those who attack you in melee.
You have a pair of horns on your head.


Message History

Duvessa shouts!
You hear a shout!
Dowan, Brother of Duvessa comes into view.
He is wielding a dagger.
It was a potion of agility.
You feel agile all of a sudden.
Dowan points at you and mumbles some strange words.
The puff of flame hits you!
* * * LOW HITPOINT WARNING * * *
Unknown command.
You hit Duvessa but do no damage.
Dowan points at Duvessa and mumbles some strange words.
Duvessa seems to speed up.
Duvessa closely misses you.
You completely miss Duvessa. Duvessa hits you with a short sword.
* * * LOW HITPOINT WARNING * * *
Dowan mumbles some strange words.
Dowan blinks!
Unknown command.
Your shield prevents you from hitting Duvessa.
Duvessa hits you with a short sword.
* * * LOW HITPOINT WARNING * * *
Duvessa hits you with a short sword.
* * * LOW HITPOINT WARNING * * *
Duvessa hits you but does no damage.
There is a stone staircase leading up here.
You block Duvessa's attack. Duvessa hits you with a short sword.
* * * LOW HITPOINT WARNING * * *
You climb upwards.
The sky beast barely misses you.
There is a stone staircase leading down here.
Unknown command.
Unknown command.
You miss the sky beast. Your headbutt misses the sky beast.
The sky beast barely misses you. You furiously retaliate!
You headbutt the sky beast, but do no damage.
You closely miss the sky beast. You headbutt the sky beast.
The sky beast is lightly wounded.
The sky beast flickers out of sight!
Deactivating autopickup; reactivate with Ctrl-A.
Something hits you.
* * * LOW HITPOINT WARNING * * *
Something shocks you.
You die...

# #.
.##.##########
............#
#..........#
#..........#
#.....@{...#
#.##..........#
..............#
#.#...........#
#.########### #


There were no monsters in sight!

Vanquished Creatures
  Menkaure (D:5)
  An orc priest (D:4)
  An orc wizard (D:4)
  A worker ant (D:5)
  Robin (D:2)
  A dart slug (D:1)
  6 orcs
  10 goblins
  2 hobgoblins (D:2)
  A jackal (D:6)
  3 bats
  A giant newt (D:1)
  A kobold (D:1)
  2 rats
32 creatures vanquished.

Notes
Turn   | Place    | Note
-------+----------+-------------------------------------------
     0 | D:1      | Implojin the Minotaur Fighter began the quest for the Orb.
     0 | D:1      | Reached XP level 1. HP: 19/19 MP: 0/0
   179 | D:2      | Noticed Robin
   193 | D:2      | Reached skill level 3 in Unarmed Combat
   193 | D:2      | Reached XP level 2. HP: 21/26 MP: 1/1
   282 | D:2      | Killed Robin
   282 | D:2      | Reached XP level 3. HP: 11/31 MP: 2/2
   288 | D:2      | Reached skill level 4 in Unarmed Combat
   463 | D:4      | Found a burning altar of Makhleb.
   463 | D:4      | Found a snail-covered altar of Cheibriados.
   465 | D:4      | Found a hazy altar of Hepliaklqana.
   506 | D:4      | Found a stormy altar of Qazlal.
   529 | D:4      | Reached XP level 4. HP: 27/39 MP: 3/3
   546 | D:4      | Reached skill level 5 in Unarmed Combat
   565 | D:4      | Found a staircase to the Ecumenical Temple.
   570 | Temple   | Entered the Ecumenical Temple
   630 | Temple   | Became a worshipper of Warmaster Okawaru
   650 | D:5      | Entered Level 5 of the Dungeon
   650 | D:5      | Noticed Menkaure
   656 | D:5      | Killed Menkaure
   656 | D:5      | Reached skill level 6 in Unarmed Combat
   656 | D:5      | Reached XP level 5. HP: 19/45 MP: 4/4
   715 | D:6      | Noticed a sky beast
   724 | D:7      | Noticed Duvessa
   725 | D:7      | Noticed Dowan
   735 | D:6      | HP: 2/45 [something (2)]
   735 | D:6      | Slain by a sky beast

Vault maps used:
D:1:      elethiomel_arrival_shortcut
D:2:      ecumenical_altar_1, first_bread, grunt_pakellas_salt, uniq_robin,
          uniq_iyjb, uniq_jessica, uniq_sigmund
D:3:      minmay_rats_cheesy_pizza
D:4:      grunt_qazlal_clouds, old_standard_altar,
          nicolae_overflow_hidden_temple
D:5:      grunt_temple_overflow_order_and_chaos_1, yredelemnul_altar_generic,
          nicolae_ossuary_entry_giza, uniq_eustachio, uniq_menkaure,
          uniq_blork_the_orc, uniq_pikel
D:6:      marbit_many_paths, uniq_prince_ribbit1
D:7:      grunt_ogre_cave, corexii_item_surrounded_by_moat, minmay_door_square,
          kennysheep_cross_room, uniq_duvessa
Temple:   hc_temple_tempest_star

Skill      XL: |  1  2  3  4 |
---------------+-------------+-----
Unarmed Combat | 3 4 6 |  6.8
Fighting       | |  3.6
Armour         | |  3.6
Shields        | |  3.6

Action                   |  1- 3 |  4- 6 || total
-------------------------+-------+-------++-------
Melee: Unarmed           |    92 |    25 ||   117
       Headbutt          |    13 |     6 ||    19
  Use: Scroll            |     1 |     1 ||     2
       Potion            |       |     2 ||     2
Armor: Scale mail        |    27 |    10 ||    37
Dodge: Dodged            |    35 |     5 ||    40
Block: Shield            |    44 |     9 ||    53

Table legend:
 A = Turns spent in this place as a percentage of turns spent in the entire game.
 B = Non-inter-level travel turns spent in this place as a percentage of non-inter-level travel turns spent in the entire game.
 C = Inter-level travel turns spent in this place as a percentage of turns spent in this place.
 D = Turns resting spent in this place as a percentage of non-inter-level travel turns spent in this place.
 E = Turns spent auto-exploring this place as a percentage of non-inter-level travel turns spent in this place.
 F = Non-inter-level travel turns spent in this place divided by the number of levels of this place that you've seen.
                   A       B       C       D       E      F
               +-------+-------+-------+-------+-------+----------------------
         Total | 100.0 | 100.0 |   0.0 |   0.0 |   0.0 |  97.6
       Dungeon |  90.4 |  90.4 |   0.0 |   0.0 |   0.0 | 100.9
        Temple |   9.6 |   9.6 |   0.0 |   0.0 |   0.0 |  75.0
               +-------+-------+-------+-------+-------+----------------------

Table legend:
 A = Kills in this place as a percentage of kills in entire the game.
 B = Kills by you in this place as a percentage of kills by you in the entire game.
 C = Kills by friends in this place as a percentage of kills by friends in the entire game.
 D = Other kills in this place as a percentage of other kills in the entire game.
 E = Experience gained in this place as a percentage of experience gained in the entire game.
 F = Experience gained in this place divided by the number of levels of this place that you have seen.
                   A       B       C       D       E      F
               +-------+-------+-------+-------+-------+----------------------
         Total | 100.0 | 100.0 |  -nan |  -nan | 100.0 |  44.6
       Dungeon | 100.0 | 100.0 |  -nan |  -nan | 100.0 |  51.0
               +-------+-------+-------+-------+-------+----------------------
